 Dungeon Crawl Stone Soup version 0.30-a0-476-g330ca2eb8e (webtiles) character file.

Game seed: 17590906999068810161

88802 crasatator the Grappler (level 15, -3/156 HPs)
             Began as a Troll Fighter on Dec 17, 2022.
             Was a High Priest of Cheibriados.
             Killed from afar by a will-o-the-wisp (25 damage)
             ... with a foxfire
             ... on level 3 of the Swamp on Dec 21, 2022.
             The game lasted 01:12:22 (18885 turns).

crasatator the Grappler (Troll Fighter)            Turns: 18885, Time: 01:12:24

Health: -3/156     AC: -1    Str: 48    XL:     15   Next: 47%
Magic:  10/22      EV: 18    Int: 21    God:    Cheibriados [*****.]
Gold:   2352       SH: 16    Dex: 30    Spells: 13/14 levels left

rFire   . . .      SeeInvis .      - Unarmed
rCold   . . .      Faith    +    b - +1 kite shield
rNeg    . . .      Spirit   .    H - +0 troll leather armour
rPois   +          Reflect  .    (helmet restricted)
rElec   .          Harm     .    n - +0 cloak of Baldness {Will+ Regen+}
rCorr   .          Rampage  .    (gloves unavailable)
Will    ++...                    (boots unavailable)
Stlth   ++........               q - amulet of faith
HPRegen 2.86/turn                T - ring of Kuwonee {Fly rPois Int+3 Dex+3}
MPRegen 0.18/turn                J - ring "Echoylio" {Str+4 Dex+6}

@: corroded, flying, very slow
A: large, unfitting armour, claws 3, regeneration 1, shaggy fur 1, tough skin 1
a: Renounce Religion, Bend Time, Temporal Distortion, Slouch, Step From Time


You were on level 3 of the Swamp.
You worshipped Cheibriados.
Cheibriados was extremely pleased with you.
You visited 3 branches of the dungeon, and saw 22 of its levels.
You also visited: Bailey and Gauntlet.

You collected 2456 gold pieces.
You spent 104 gold pieces at shops.

Inventory:

Hand Weapons
 N - a +1 broad axe of flaming
Missiles
 a - a throwing net
 g - 3 javelins (quivered)
 x - 71 stones
 I - 20 poisoned darts
 O - 3 atropa-tipped darts
Armour
 b - a +1 kite shield (worn)
 n - the +0 cloak of Baldness (worn) {Will+ Regen+}
   (You acquired it in a bailey)

   Regen:     It increases your rate of health regeneration.
   Will:      It increases your willpower.
 C - +0 acid dragon scales
 H - a +0 troll leather armour (worn)
Jewellery
 l - a +4 ring of protection
 m - a ring of protection from cold
 q - an amulet of faith (around neck)
 E - a ring of ice
 F - a +4 ring of protection
 J - the ring "Echoylio" (right claw) {Str+4 Dex+6}
   (You found it on level 5 of the Lair of Beasts)

   [ring of dexterity]

   Str:       It affects your strength (+4).
   Dex:       It affects your dexterity (+6).
 K - an amulet of guardian spirit
 T - the ring of Kuwonee (left claw) {Fly rPois Int+3 Dex+3}
   (You found it on level 3 of the Lair of Beasts)

   [ring of flight]

   Int:       It affects your intelligence (+3).
   Dex:       It affects your dexterity (+3).
   rPois:     It protects you from poison.
   Fly:       It grants you flight.
 V - an amulet of the acrobat
Wands
 p - a wand of flame (28)
 s - a wand of iceblast (30)
 D - a wand of quicksilver (10)
 Q - a wand of mindburst (33)
 R - a wand of paralysis (3)
Scrolls
 d - 3 scrolls of magic mapping
 f - 5 scrolls of fear
 o - 9 scrolls of teleportation
 r - 5 scrolls of fog
 u - 3 scrolls of blinking
 y - a scroll of enchant weapon
 L - 3 scrolls of amnesia
 M - 9 scrolls of identify
 S - a scroll of brand weapon
 U - a scroll of summoning {unknown}
Potions
 c - 5 potions of might
 e - a potion of invisibility
 h - 5 potions of heal wounds
 i - 11 potions of curing
 j - a potion of lignification
 k - 4 potions of resistance
 t - 6 potions of attraction
 v - 6 potions of mutation
 w - 5 potions of brilliance
 z - 2 potions of magic
 A - a potion of ambrosia
 B - a potion of flight
 G - a potion of berserk rage
Miscellaneous
 P - a phantom mirror


   Skills:
 + Level 11.7 Fighting
 - Level 9.1 Dodging
 - Level 1.0 Stealth
 + Level 12.7 Shields
 + Level 13.6 Unarmed Combat
 + Level 11.5 Invocations


You had 13 spell levels left.
You knew the following spells:

 Your Spells              Type           Power      Damage    Failure   Level
a - Apportation           Tloc           0%         N/A       32%         1

Your spell library contained the following spells:

 Spells                   Type           Power      Damage    Failure   Level
 Necrotise                Necr           0%         1d4       32%         1
 Shock                    Conj/Air       0%         1d3       32%         1
 Summon Small Mammal      Summ           0%         N/A       32%         1
 Ensorcelled Hibernation  Hex/Ice        0%         N/A       43%         2
 Sublimation of Blood     Necr           0%         N/A       43%         2
 Gell's Gravitas          Tloc           0%         N/A       67%         3
 Hailstorm                Conj/Ice       0%         3d3       67%         3
 Ignite Poison            Fire/Tmut/Pois 0%         N/A       67%         3
 Inner Flame              Hex/Fire       0%         N/A       67%         3
 Kindle Blastsparks       Fire/Tloc/Air  0%         2d10      67%         3
 Spider Form              Tmut/Pois      0%         N/A       67%         3
 Teleport Other           Tloc           0%         N/A       67%         3
 Vhi's Electric Charge    Tloc/Air       0%         N/A       67%         3
 Anguish                  Hex/Necr       0%         N/A       97%         4
 Cause Fear               Hex            0%         N/A       97%         4
 Flame Wave               Conj/Fire      0%         2d4       97%         4
 Petrify                  Tmut/Erth      0%         N/A       97%         4
 Freezing Cloud           Conj/Ice/Air   0%         6-21      100%        5
 Irradiate                Conj/Tmut      0%         3d11      100%        5
 Dispersal                Tloc           0%         N/A       100%        6
 Discord                  Hex            0%         N/A       100%        8


Dungeon Overview and Level Annotations

Branches:
Dungeon (14/15)            Temple (0/1) D:7            Lair (5/5) D:10
  Swamp (2/4) Lair:3       Spider (0/4) Lair:3        Slime (0/5) Lair:4
    Orc (0/2) D:10         Vaults (0/5) D:13         Bailey (visited)
Gauntlet (visited)

Altars:
Cheibriados
Dithmenos
Elyvilon
Fedhas
Gozag
Hepliaklqana
Nemelex Xobeh
Ru
Sif Muna
Trog
Uskayaw
Vehumet
Wu Jian
Yredelemnul
Jiyva

Shops:
D:6 !

Annotations:
D:8 1 exclusion
D:9 1 runed translucent door
D:11 Erolcha
Lair:4 1 runed translucent door


Innate Abilities, Weirdness & Mutations

You are too large for most types of armour.
You have claws for hands.
Your natural rate of healing is unusually fast.
You are covered in fur. (AC +1)
You have tough skin. (AC +1)


Message History

Press: ? - help, Dir - look around, f - activate You can feel time thicken for a moment.
Cheibriados lowers the support of your attributes as your movement quickens.
You block the swamp dragon's attack. x2; The swamp dragon tramples you.
You are shoved backwards!
The will-o-the-wisp blinks!
You mangle the swamp dragon!!
The swamp dragon is heavily wounded.
The will-o-the-wisp blinks!
The swamp dragon completely misses you. You block the swamp dragon's attack.
The swamp dragon completely misses you.
You scratch the swamp dragon but do no damage.
The swamp dragon is heavily wounded.
You scratch the swamp dragon but do no damage.
The swamp dragon is heavily wounded.
The swamp dragon breathes poison at you.
The blast of poison misses you.
You barely miss the swamp dragon.
The swamp dragon is heavily wounded.
The will-o-the-wisp gestures.
The will-o-the-wisp conjures some foxfire! 2 foxfires come into view.
You mangle the swamp dragon!!
The swamp dragon is almost dead.
You block the swamp dragon's attack. x2; The swamp dragon tramples you!
You are shoved backwards!
You scratch the swamp dragon but do no damage.
The swamp dragon is almost dead.
The will-o-the-wisp gestures.
The will-o-the-wisp conjures some foxfire! 2 foxfires come into view.
You claw the swamp dragon!
The swamp dragon is almost dead.
The swamp dragon is no longer moving slowly.
The foxfire hits you!! You block the swamp dragon's attack. x3
You eviscerate the swamp dragon!!!
You kill the swamp dragon!
Cheibriados thoroughly appreciates the change of pace.
The foxfire hits you!!
* * * LOW HITPOINT WARNING * * *
The foxfire hits you!!
You die...

..P..≈≈~~~....~~♣
~..~~~≈≈≈~P......
..P~.≈≈≈~.P.~.~..
♣♣~.P~~≈~~P.~.~§..
♣...P.~.~PP..~~~.~
♣~♣♣~.~....P..~~.~~.♣♣
..~.~.♣.♣....~~~~....♣
.....§°........~..~~.♣
~.♣@○○...~.~.....♣
♣♣v°†~~~..~....♣
♣☼○°~.~~..~..~.♣
♣§.§§§.~~.~..~.♣
♣♣...§§......~~♣
♣~~..v§....~~.♣
♣♣~~♣...~~.~~♣♣
♣♣♣♣.§.†.....♣
♣♣~§......♣


You could see a will-o-the-wisp.

Vanquished Creatures
  An orc warlord (Bailey)
  A stone giant (D:14)
  3 eleionomae (Swamp:1)
  A bunyip (Swamp:3)
  2 fire dragons
  7 hydras
  A vault guard (D:13)
  6 centaur warriors
  An alligator (Swamp:1)
  2 catoblepae
  2 boulder beetles
  3 two-headed ogres
  3 tengu warriors
  5 death yaks (Lair:4)
  Sonja (Lair:5)
  2 goliath frogs
  2 spriggan druids (Swamp:1)
  2 swamp dragons
  An orc knight (D:13)
  3 manticores
  A will-o-the-wisp (Swamp:3)
  5 cyclopes
  9 ugly things
  6 black mambas
  15 elephants
  3 gargoyles
  5 cane toads
  2 torpor snails
  A rime drake (shapeshifter) (D:13)
  3 rime drakes
  12 komodo dragons
  2 kobold demonologists
  19 polar bears
  5 trolls
  A queen bee (shapeshifter) (D:14)
  2 tyrant leeches
  5 slime creatures (D:13)
  Prince Ribbit (D:5)
  2 hornets (Swamp:1)
  2 raiju (Lair:5)
  15 blink frogs
  3 jumping spiders (Lair:3)
  2 shadows
  Sigmund (D:4)
  4 wraiths
  4 spriggans (Swamp:1)
  36 yaks
  A ynoxinul (D:9)
  2 wyverns
  4 basilisks
  3 steam dragons
  12 vampire mosquitoes
  A redback (Lair:3)
  4 swamp worms
  4 wargs (Lair:5)
  2 acid dragons
  16 water moccasins
  15 hell hounds (Lair:5)
  15 black bears
  2 swamp drakes (Lair:5)
  4 ice beasts
  A sky beast (D:7)
  6 orc warriors
  An ogre (D:6)
  27 wolves
  7 centaurs
  A phantom (D:5)
  5 kobold brigands
  7 bullfrogs
  A gnoll sergeant (D:11)
  5 scorpions
  8 wights (D:8)
  2 electric eels
  4 howler monkeys
  A quasit (D:8)
  14 orc priests
  2 hounds
  A jelly (D:8)
  3 gnoll boudas
  Ijyb (D:3)
  Terence (D:2)
  8 iguanas
  12 orc wizards
  4 hell rats (Lair:2)
  24 gnolls
  11 adders
  3 shadow imps (D:8)
  5 white imps
  3 ufetubi
  2 worms (D:4)
  4 dart slugs
  74 orcs
  6 endoplasms
  3 giant cockroaches
  15 goblins
  9 hobgoblins
  15 jackals
  10 quokkas
  11 ball pythons
  5 bats
  A frilled lizard (D:3)
  38 kobolds
  8 rats
  3 foxfires (Swamp:3)
672 creatures vanquished.

Vanquished Creatures (others)
  A bunyip (Swamp:2)
  A bloated husk (Swamp:2)
  An iguana (Lair:5)
  A kobold (D:11)
  2 bushes
  10 demonic plants (D:8)
  10 foxfires (Swamp:3)
  16 fungi
  63 plants
105 creatures vanquished.

Grand Total: 777 creatures vanquished

Notes
Turn   | Place    | Note
-------+----------+-------------------------------------------
     0 | D:1      | crasatator the Troll Fighter began the quest for the Orb.
     0 | D:1      | Reached XP level 1. HP: 22/22 MP: 0/0
   109 | D:1      | Reached XP level 2. HP: 29/29 MP: 1/1
   522 | D:1      | Reached XP level 3. HP: 36/36 MP: 2/2
   808 | D:2      | Noticed Terence
   900 | D:2      | Killed Terence
   901 | D:2      | Reached XP level 4. HP: 18/45 MP: 3/3
  1258 | D:3      | Reached skill level 3 in Unarmed Combat
  1283 | D:3      | Reached skill level 1 in Stealth
  1492 | D:3      | Reached XP level 5. HP: 50/53 MP: 4/4
  1532 | D:3      | Found a snail-covered altar of Cheibriados.
  1533 | D:3      | Found an opulent altar of Gozag.
  1538 | D:3      | Became a worshipper of Cheibriados the Contemplative
  2125 | D:3      | Noticed Ijyb
  2135 | D:3      | Reached * piety under Cheibriados
  2162 | D:3      | Killed Ijyb
  2165 | D:3      | Reached skill level 1 in Invocations
  2486 | D:4      | Found a blossoming altar of Fedhas.
  2620 | D:4      | Noticed Sigmund
  2740 | D:4      | Reached XP level 6. HP: 61/61 MP: 4/6
  2977 | D:4      | Killed Sigmund
  2978 | D:4      | Reached skill level 4 in Unarmed Combat
  3012 | D:4      | Identified the +6 mace "Fafes" {vorpal, rElec MP+9 Stlth+}
  3196 | D:5      | Entered Level 5 of the Dungeon
  3232 | D:5      | Reached XP level 7. HP: 66/68 MP: 7/7
  3268 | D:5      | Reached ** piety under Cheibriados
  3323 | D:5      | Found a radiant altar of Vehumet.
  3563 | D:6      | Found Ekieroh's Distillery.
  3568 | D:6      | Bought a potion of invisibility for 104 gold pieces
  3902 | D:5      | Reached skill level 5 in Shields
  3902 | D:5      | Reached skill level 5 in Unarmed Combat
  3902 | D:5      | Reached XP level 8. HP: 79/79 MP: 9/9
  3902 | D:5      | Found a sacrificial altar of Ru.
  4295 | D:5      | Noticed Prince Ribbit
  4317 | D:5      | Killed Prince Ribbit
  4531 | D:6      | Reached skill level 5 in Fighting
  4919 | D:6      | Reached skill level 6 in Unarmed Combat
  5141 | D:7      | Reached XP level 9. HP: 81/88 MP: 11/11
  5152 | D:7      | Found a staircase to the Ecumenical Temple.
  5256 | D:7      | Noticed a gargoyle
  5305 | D:7      | Reached *** piety under Cheibriados
  5494 | D:7      | Reached skill level 5 in Invocations
  5563 | D:7      | Killed a gargoyle
  6215 | D:8      | Reached **** piety under Cheibriados
  6334 | D:8      | Reached skill level 7 in Unarmed Combat
  6380 | D:8      | Noticed a two-headed ogre
  6483 | D:8      | Found the +3 woodcutter's axe {vorpal}
  6883 | D:8      | Reached XP level 10. HP: 94/100 MP: 13/13
  7085 | D:9      | Found a shimmering blue altar of Sif Muna.
  7088 | D:9      | Reached ***** piety under Cheibriados
  7106 | D:9      | Got Sif Muna's Treatise on the Distorted Zephyr
  7120 | D:9      | Found a flagged portal.
  7131 | Bailey   | Entered a bailey
  7165 | Bailey   | Noticed an orc warlord
  7265 | Bailey   | Found a runed translucent gate.
  7285 | Bailey   | Identified a scroll of acquirement
  7285 | Bailey   | Acquired the +0 cloak of Baldness {Will+ Regen+}
  7313 | Bailey   | Found a runed translucent gate.
  7313 | Bailey   | Found a runed translucent gate.
  7425 | Bailey   | Killed an orc warlord
  7426 | Bailey   | Reached skill level 8 in Unarmed Combat
  7472 | Bailey   | Reached skill level 5 in Dodging
  7472 | Bailey   | Reached skill level 9 in Unarmed Combat
  7472 | Bailey   | Reached XP level 11. HP: 111/111 MP: 14/14
  7821 | D:9      | Found a bloodstained altar of Trog.
  7958 | D:9      | Found a runed translucent door.
  7963 | D:9      | Noticed a centaur warrior
  7989 | D:9      | Noticed a centaur warrior
  7999 | D:9      | Killed a centaur warrior
  8074 | D:9      | Found a hide-covered altar of Uskayaw.
  8292 | D:10     | Entered Level 10 of the Dungeon
  8318 | D:10     | Found a hazy altar of Hepliaklqana.
  8321 | D:10     | Found a sparkling altar of Nemelex Xobeh.
  8337 | D:10     | Found a basalt altar of Yredelemnul.
  8340 | D:10     | Found an ornate altar of the Wu Jian Council.
  8395 | D:10     | Found a shadowy altar of Dithmenos.
  8447 | D:10     | Found a staircase to the Lair.
  8893 | D:10     | Reached XP level 12. HP: 122/122 MP: 11/16
  8901 | D:10     | Noticed a two-headed ogre
  9101 | D:11     | Noticed Erolcha
  9161 | D:11     | Noticed a two-headed ogre
  9175 | D:11     | Killed a two-headed ogre
  9176 | D:11     | Reached skill level 10 in Unarmed Combat
  9498 | D:12     | Noticed a boulder beetle
  9523 | D:12     | Killed a boulder beetle
  9741 | D:12     | Noticed a two-headed ogre
  9748 | D:12     | Killed a two-headed ogre
  9990 | D:12     | Identified the +5 short sword of Imbalance {flame, rPois
                  | rF+ MP+9 Dex-2}
 10186 | Lair:1   | Entered Level 1 of the Lair of Beasts
 10189 | Lair:1   | Identified the +5 sling "Orimp" {vorpal, rN+ Will+}
 10499 | Lair:1   | Reached ****** piety under Cheibriados
 11016 | Lair:2   | Reached skill level 10 in Shields
 11083 | Lair:2   | Reached XP level 13. HP: 131/131 MP: 18/18
 11149 | Lair:2   | Identified the +5 war axe "Zaumiz" {spect, Fly rElec rC++
                  | Dex-3}
 11320 | Lair:2   | Reached skill level 11 in Unarmed Combat
 11828 | Lair:3   | Upgraded the game from 0.30-a0-465-g8901f6c8b5 to
                  | 0.30-a0-475-g03497ec522
 12095 | Lair:3   | Found a hole to the Spider Nest.
 12208 | Lair:3   | Identified the ring of Kuwonee {Fly rPois Int+3 Dex+3}
 12300 | Lair:3   | Found a staircase to the Swamp.
 12988 | Lair:4   | Reached skill level 10 in Fighting
 13090 | Lair:4   | Found a shimmering blue altar of Sif Muna.
 13174 | Lair:4   | Found a runed translucent door.
 13174 | Lair:4   | Noticed an azure jelly
 13175 | Lair:4   | Found a viscous altar of Jiyva.
 13175 | Lair:4   | Found a staircase to the Slime Pits.
 13175 | Lair:4   | Noticed an azure jelly
 13531 | Lair:5   | Entered Level 5 of the Lair of Beasts
 13608 | Lair:5   | Reached XP level 14. HP: 143/143 MP: 20/20
 13709 | Lair:5   | Reached skill level 12 in Unarmed Combat
 13875 | Lair:5   | Noticed Sonja
 13881 | Lair:5   | Killed Sonja
 13937 | Lair:5   | Got the Incunabulum of Wintry Damage Dealing
 14527 | Lair:5   | Reached skill level 10 in Invocations
 14613 | Lair:5   | Learned a level 1 spell: Apportation
 15037 | Lair:5   | Acquired 657 gold pieces
 15055 | Lair:5   | Identified the ring "Echoylio" {Str+4 Dex+6}
 15588 | D:10     | Found a staircase to the Orcish Mines.
 16155 | D:13     | Found a gate to the Vaults.
 16229 | D:13     | Found a white marble altar of Elyvilon.
 16790 | D:13     | Upgraded the game from 0.30-a0-475-g03497ec522 to
                  | 0.30-a0-476-g330ca2eb8e
 16847 | D:14     | Reached skill level 13 in Unarmed Combat
 17008 | D:14     | Reached XP level 15. HP: 82/154 MP: 14/22
 17065 | D:14     | Found a gate leading to a gauntlet.
 17092 | Gauntlet | Entered a Gauntlet
 17092 | Gauntlet | Found a transporter.
 17092 | Gauntlet | Found a transporter.
 17096 | Gauntlet | Found a transporter.
 17096 | Gauntlet | Found a transporter.
 17098 | Gauntlet | Found a large runed translucent door.
 17099 | Gauntlet | Found a large runed translucent door.
 17100 | Gauntlet | Found a large runed translucent door.
 17100 | Gauntlet | Found a large runed translucent door.
 17100 | Gauntlet | Found a runed translucent door.
 17100 | Gauntlet | Found a runed translucent door.
 17101 | Gauntlet | Found a large runed translucent door.
 17102 | Gauntlet | Found a large runed translucent door.
 17102 | Gauntlet | Found a large runed translucent door.
 17102 | Gauntlet | Found a large runed translucent door.
 17102 | Gauntlet | Found a large runed translucent door.
 17102 | Gauntlet | Found a large runed translucent door.
 17103 | Gauntlet | Found a transporter.
 17103 | Gauntlet | Found a large runed translucent door.
 17104 | Gauntlet | Found a large runed translucent door.
 17106 | Gauntlet | Found a transporter.
 17109 | Gauntlet | Found a transporter.
 17153 | Gauntlet | Found a transporter.
 17167 | Gauntlet | Found a transporter.
 17177 | Gauntlet | Found a transporter.
 17194 | Gauntlet | Found a large runed translucent door.
 17195 | Gauntlet | Found a large runed translucent door.
 17197 | Gauntlet | Found a runed translucent gate.
 17198 | Gauntlet | Found a transporter.
 17198 | Gauntlet | Found a runed translucent gate.
 17199 | Gauntlet | Found a runed translucent gate.
 17201 | Gauntlet | Found a large runed translucent door.
 17202 | Gauntlet | Found a large runed translucent door.
 17212 | Gauntlet | Found a transporter.
 18011 | Swamp:1  | Entered Level 1 of the Swamp
 18767 | Swamp:2  | You are sucked into a shaft and drop 1 floor!
 18885 | Swamp:3  | Killed from afar by a will-o-the-wisp

Illustrated notes

Levels and vault maps discovered:
D:1:      spicycebolla_arrival_xxxplode, layout_basic
D:2:      layout_rooms, st_stairs_14, kennysheep_generic_room_10, uniq_terence
D:3:      kennysheep_goblin_castle, layout_basic,
          gammafunk_temple_overflow_statue, serial_glass, glass_columns_c,
          glass_columns_c, minmay_quadrilaterals
D:4:      layout_cave_pools, mainiacjoe_overflow_catwalk, kennysheep_dice,
          uniq_sigmund
D:5:      layout_basic, nicolae_vehumet_altar_sigil, marbit_many_paths,
          eino_tiny_chamber, uniq_prince_ribbit1
D:6:      layout_loops_ring, serial_shops, nicolae_shop_statue_plus
D:7:      layout_basic, minmay_temple_entry_sparse_star
D:8:      layout_basic, serial_demonic, serial_demonic_d, serial_demonic_f,
          serial_demonic_e, serial_demonic_b
D:9:      layout_gridville, nzn_overflow_gifts_of_might_and_magic,
          nicolae_uskayaw_murder_on_the_dancefloor,
          lightli_bailey_entry_fortress, minivault_13
D:10:     layout_roguey, grunt_dithmenos_smoke_and_mirrors,
          grunt_temple_overflow_cloverleaf, hellmonk_lair_entry_icy,
          david_orc_5, st_stairs_10
D:11:     layout_basic, uniq_erolcha
D:12:     layout_roguey
D:13:     layout_irregular_city, david_vaults_5,
          portal_ice_cave_entry_pillars_2, minmay_ruined_shrine
D:14:     layout_grid_maze, gauntlet_entry_generic, minmay_holes,
          grunt_ministairs_3, kennysheep_island_fort
Lair:1:   layout_regular_city, gammafunk_lair_bear_cave
Lair:2:   layout_cave_pods, cheibrodos_lair_lostbears
Lair:3:   layout_long_grid, minmay_swamp_entry_swarm, spider_nest_entry_a,
          beast_lair_carwin_5, lemuel_fruit_fields
Lair:4:   layout_loops_ring, slime_entry_2, basic_altar, grunt_megastairs_1,
          serial_bayou_shore_b
Lair:5:   guppyfry_lair_end_dragon, layout_regular_city,
          hangedman_lair_caniforms_friends, uniq_sonja
Swamp:1:  layout_basic_swamp, infiniplex_staircase_pool
Swamp:2:  layout_basic_swamp, serial_swamp_ruin, hangedman_swamp_ruin_wall,
          evilmike_swamp_ruin_house_4
Swamp:3:  layout_basic_swamp, nicolae_swamp_fairy_circle, swamp_pool4,
          lemuel_altar_in_water, uniq_louise

Skill      XL: |  1  2  3  4  5  6  7  8  9 10 11 12 13 14 15 |
---------------+----------------------------------------------+-----
Shields        | 3 4 5 6 7 8 9 10 11 12 | 12.7
Fighting       | 3 4 5 6 8 9 10 11 | 11.7
Unarmed Combat | 3 4 5 6 7 9 10 11 13 | 13.6
Stealth        | 1 |  1.0
Invocations    | 1 2 3 4 6 7 8 9 10 11 | 11.5
Dodging        | 3 5 6 7 8 9 |  9.1

Action                   |  1- 3 |  4- 6 |  7- 9 | 10-12 | 13-15 || total
-------------------------+-------+-------+-------+-------+-------++-------
Melee: Unarmed           |   110 |   206 |   363 |   503 |   893 ||  2075
       Broad axe         |       |       |       |       |    19 ||    19
Throw: Javelin           |       |       |     1 |    10 |     4 ||    15
       Dart              |       |       |       |       |     1 ||     1
       Throwing net      |       |       |       |       |     1 ||     1
Invok: Bend Time         |       |     1 |     5 |     2 |     5 ||    13
       Slouch            |       |       |       |     3 |    14 ||    17
       Temporal Distorti |       |       |       |     1 |     1 ||     2
Evoke: Wand              |       |       |       |       |     2 ||     2
  Use: Scroll            |       |     6 |     7 |    17 |     5 ||    35
       Potion            |       |       |       |     3 |     3 ||     6
 Stab: Sleeping          |     2 |     1 |     9 |     2 |     5 ||    19
       Distracted        |       |       |       |     1 |     1 ||     2
Armor: Robe              |    33 |    57 |   101 |    54 |       ||   245
       Skin              |       |       |       |     2 |    28 ||    30
       Troll leather arm |       |       |       |    76 |   194 ||   270
Dodge: Dodged            |    40 |    54 |   129 |   183 |   375 ||   781
Block: Kite shield       |    40 |    75 |   195 |   259 |   655 ||  1224

Table legend: (Time is in decaauts)
 A = Elapsed time spent in this place.
 B = Non-inter-level travel time spent in this place.
 C = Inter-level travel time spent in this place.
 D = Time resting spent in this place.
 E = Time spent auto-exploring this place.
 F = Levels seen in this place.
 G = Mean time per level.
                   A        B        C        D        E       F      G
               +--------+--------+--------+--------+--------+-----+--------+
         Total |  29406 |  26401 |   3005 |   1122 |  15988 |  24 | 1225.2 |
       Dungeon |  17710 |  15877 |   1833 |    797 |  10738 |  14 | 1265.0 |
          Lair |   9470 |   8372 |   1098 |    108 |   4783 |   5 | 1894.0 |
         Swamp |   1299 |   1225 |     74 |    190 |    465 |   3 |  433.0 |
        Bailey |    485 |    485 |      0 |     27 |      1 |   1 |  485.0 |
      Gauntlet |    439 |    439 |      0 |      0 |      0 |   1 |  439.0 |
               +--------+--------+--------+--------+--------+-----+--------+

Top non-repeatable levels by time:
  Lair:5: 3055 daAuts
    D:13: 1689 daAuts
    D:10: 1670 daAuts
     D:7: 1666 daAuts
  Lair:1: 1651 daAuts
  Lair:3: 1627 daAuts
     D:9: 1625 daAuts
  Lair:4: 1586 daAuts
  Lair:2: 1549 daAuts
     D:3: 1532 daAuts
    D:14: 1392 daAuts
     D:5: 1305 daAuts
    D:12: 1258 daAuts
     D:8: 1254 daAuts
     D:6: 1148 daAuts
